 Dungeon Crawl Stone Soup version 0.29.1-2-gbd0b4ee654 (webtiles) character file.

Game seed: 4504684655109475796

2223 kingsuperguy the Spear-Bearer (level 9, -7/121 HPs)
             Began as a Minotaur Berserker on Nov 16, 2022.
             Was a Priest of Trog.
             Mangled by a vampire (9 damage)
             ... on level 6 of the Dungeon.
             The game lasted 00:10:34 (4941 turns).

kingsuperguy the Spear-Bearer (Minotaur Berserker)  Turns: 4941, Time: 00:10:35

Health: -7/121     AC: 24    Str: 27 (30) XL:     9   Next: 13%
Magic:  8/8        EV:  2    Int:  3 (4)  God:    Trog [***...]
Gold:   174        SH:  0    Dex: 11 (12) Spells: 8/8 levels left

rFire   . . .      SeeInvis .   t - +3 trident
rCold   . . .      Faith    .   (no shield)
rNeg    . . .      Spirit   .   (body armour currently unavailable)
rPois   +          Reflect  .   (helmet currently unavailable)
rElec   .          Harm     .   (cloak currently unavailable)
rCorr   .          Rampage  .   (gloves currently unavailable)
Will    .....      NoTele   +   (boots currently unavailable)
Stlth   ++........              (no amulet)
HPRegen 0.30/turn               w - +6 ring of strength
MPRegen 0.11/turn               B - +4 ring of evasion

@: tree-form, on berserk cooldown, attractive, slowed, invisible, very slow
A: stationary, stasis, torment immunity, boosted hp, (horns 2), (retaliatory
headbutt)
a: Renounce Religion, Berserk, Trog's Hand


You were on level 6 of the Dungeon.
You worshipped Trog.
Trog was most pleased with you.
You were a tree.
You visited 1 branch of the dungeon, and saw 6 of its levels.

You collected 286 gold pieces.
You spent 112 gold pieces at shops.

Inventory:

Hand Weapons
 a - a +0 spear
 d - a +0 flail
 g - a +2 dagger of speed
 o - a +0 sling
 q - a +2 spear of venom
 t - a +3 trident (weapon)
 v - a +0 dagger of draining
 y - a +0 trident
 A - a +0 great sword
 C - a +1 dagger of venom
 G - a +0 long sword
 J - a +2 scimitar
Missiles
 i - 34 stones (quivered)
Armour
 b - a +0 animal skin
 j - a +0 leather armour
 m - a +0 scale mail
 D - a +0 plate armour (melded)
Jewellery
 w - a +6 ring of strength (left branch)
 B - a +4 ring of evasion (right branch)
Wands
 I - a wand of mindburst (7)
Scrolls
 e - 5 scrolls of teleportation
 f - 2 scrolls of identify {unknown}
 k - a scroll of amnesia {unknown}
 l - 3 scrolls of enchant armour {unknown}
 n - a scroll of magic mapping {unknown}
 p - a scroll of torment {unknown}
 s - a scroll of acquirement {unknown}
 u - 2 scrolls of noise
 x - 2 scrolls of enchant weapon
 K - a scroll of poison {unknown}
 L - a scroll of vulnerability {unknown}
Potions
 c - a potion of mutation {unknown}
 h - a potion of lignification
 F - a potion of resistance {unknown}


   Skills:
 + Level 7.8 Fighting
 + Level 1.0 Short Blades
 + Level 10.0 Polearms
 + Level 8.0 Armour
 + Level 4.0 Dodging
 + Level 1.2 Stealth


You had 8 spell levels left.
You didn't know any spells.
Your spell library was empty.

Dungeon Overview and Level Annotations

Branches:
Dungeon (6/15)             Temple (0/1) D:4

Altars:
Ashenzari
Hepliaklqana
Okawaru
Vehumet
Yredelemnul

Shops:
D:5 [*


Innate Abilities, Weirdness & Mutations

You are a tree.
Your roots penetrate the ground, keeping you stationary.
You cannot be teleported.
You are immune to unholy pain and torment.
Your maximum health is greatly increased.
Your equipment is partially melded.
((You have a pair of horns on your head.))
((You reflexively headbutt those who attack you in melee.))


Message History

You hear some strange, mumbled words.
You are confused.
You bump into the rock wall.
Something hits you! Something barely misses you.
Something hits you but does no damage. Something bites you but does no damage.
Okay, then.
You are too confused!
You are too confused!
You completely miss something. Your headbutt misses something.
Something draws life force from you!
* * * LOW HITPOINT WARNING * * *
You hit something. Something hits you!
* * * LOW HITPOINT WARNING * * *
Something bites you.
* * * LOW HITPOINT WARNING * * *
Something draws strength from your injuries!
It was a potion of degeneration.
There was something very wrong with that liquid.
You feel weakened.
You feel dopey.
You feel clumsy. Something hits you but does no damage.
Something bites you but does no damage.
Really quaff the potion of lignification?
You turn into a tree.
Your +0 plate armour melds into your body.
Your roots penetrate the ground.
Something hits you!
* * * LOW HITPOINT WARNING * * *
Something completely misses you. Something hits you but does no damage.
Something bites you but does no damage.
You are too confused!
It was a potion of curing.
You feel better. Something hits you.
* * * LOW HITPOINT WARNING * * *
Something bites you but does no damage.
It was a potion of attraction.
You feel attractive to monsters. Something hits you but does no damage.
Something bites you!
* * * LOW HITPOINT WARNING * * *
Something draws strength from your injuries!
Something hits you but does no damage. Something bites you but does no damage.
It was a potion of invisibility.
You fade into invisibility!
Something hits you!
You die...

#..<....# #....#. ..........
#.......# #....' ............
#.......# #....# ............
#.......####....####............
#####....#.##...............?...
#....'..#...................
#....#..#......?.... .......
#....####...)...#
###........♣{)..#
#......######## #......#
#######......# #......)######
#.......# # #..)....# ..#
#.......#...# #...........#


There were no monsters in sight!

Vanquished Creatures
  Sigmund (D:5)
  4 yaks (D:5)
  An ice beast (D:6)
  A centaur (D:5)
  An ogre (D:6)
  3 bullfrogs
  2 necrophages
  2 scorpions (D:5)
  4 wights (D:6)
  2 howler monkeys (D:6)
  A jelly (D:4)
  A gnoll bouda (D:6)
  An orc priest (D:6)
  4 hounds
  Terence (D:2)
  2 iguanas
  A scorpion zombie (D:4)
  3 hound zombies (D:4)
  5 adders
  5 gnolls
  An ufetubus (D:4)
  3 worms
  3 dart slugs
  8 orcs
  3 bats
  8 endoplasms
  3 giant cockroaches
  9 goblins
  6 hobgoblins
  4 jackals (D:4)
  3 quokkas
  3 ball pythons
  4 frilled lizards
  8 kobolds
  4 rats
  A bush (D:5)
116 creatures vanquished.

Vanquished Creatures (others)
  A plant (D:6)
1 creature vanquished.

Grand Total: 117 creatures vanquished

Notes
Turn   | Place    | Note
-------+----------+-------------------------------------------
     0 | D:1      | kingsuperguy the Minotaur Berserker began the quest for the
                  | Orb.
     0 | D:1      | Reached XP level 1. HP: 19/19 MP: 0/0
   213 | D:1      | Reached XP level 2. HP: 27/27 MP: 1/1
   217 | D:1      | Reached skill level 4 in Polearms
  1019 | D:2      | Reached XP level 3. HP: 28/33 MP: 2/2
  1107 | D:2      | Noticed Terence
  1109 | D:2      | Killed Terence
  1226 | D:2      | Found a broken altar of Ashenzari.
  1291 | D:2      | Reached XP level 4. HP: 39/41 MP: 3/3
  1453 | D:2      | Reached ** piety under Trog
  1915 | D:3      | Reached skill level 5 in Polearms
  2023 | D:3      | Found a radiant altar of Vehumet.
  2023 | D:3      | Found an iron altar of Okawaru.
  2158 | D:3      | Found a faded altar of an unknown god.
  2463 | D:4      | Reached XP level 5. HP: 44/47 MP: 4/4
  2505 | D:4      | Found a staircase to the Ecumenical Temple.
  2892 | D:4      | Reached skill level 1 in Short Blades
  2940 | D:4      | Found a hazy altar of Hepliaklqana.
  2985 | D:4      | Reached skill level 1 in Stealth
  2992 | D:4      | Found a basalt altar of Yredelemnul.
  3004 | D:4      | Reached XP level 6. HP: 54/55 MP: 5/5
  3045 | D:4      | Reached *** piety under Trog
  3148 | D:4      | Reached skill level 6 in Polearms
  3272 | D:5      | Entered Level 5 of the Dungeon
  3272 | D:5      | Found Caic's General Store.
  3279 | D:5      | Reached skill level 5 in Fighting
  3321 | D:5      | Bought a scroll of enchant weapon for 112 gold pieces
  3389 | D:5      | Noticed Sigmund
  3397 | D:5      | Killed Sigmund
  3398 | D:5      | Reached XP level 7. HP: 61/61 MP: 6/6
  3417 | D:5      | Noticed a yak
  3418 | D:5      | Noticed a yak
  3418 | D:5      | Noticed a yak
  3419 | D:5      | Noticed a yak
  3431 | D:5      | Killed a yak
  3432 | D:5      | Reached skill level 7 in Polearms
  3432 | D:5      | Reached skill level 5 in Armour
  3443 | D:5      | Killed a yak
  3445 | D:5      | Killed a yak
  3451 | D:5      | Killed a yak
  3452 | D:5      | Reached skill level 8 in Polearms
  3452 | D:5      | Reached XP level 8. HP: 70/70 MP: 7/7
  4193 | D:5      | Found Qoagibb's Antique Armour Emporium.
  4458 | D:6      | Reached skill level 9 in Polearms
  4541 | D:6      | Reached XP level 9. HP: 79/79 MP: 8/8
  4560 | D:6      | HP: 3/79 [bullfrog (4)]
  4925 | D:6      | Reached skill level 10 in Polearms
  4940 | D:6      | HP: 1/121 [something (10)]
  4941 | D:6      | Mangled by a vampire

Illustrated notes

Levels and vault maps discovered:
D:1:      nicolae_arrival_memento_mori, layout_loops_corners,
          minmay_misc_feat_pillars
D:2:      layout_rooms, basic_altar, uniq_terence
D:3:      layout_basic, gammafunk_temple_overflow_elements,
          shapermc_ecumenical_altar_mp_highgroup
D:4:      layout_rooms, nicolae_yredelemnul_corpse_copse, marbit_many_paths,
          minmay_temple_entry_slanted, hangedman_feature_mirror,
          kennysheep_cross_room
D:5:      layout_loops_cross, serial_shops, nicolae_stop_n_shop_2, shop,
          kb_lookout_dungeons_type, uniq_sigmund
D:6:      lemuel_castle_with_subvaults [lemuel_castle_interior_carwin_3],
          layout_gridville, xom_confusion_cloud, serial_shops,
          nicolae_shop_statue_plus, uniq_duvessa, uniq_eustachio

Skill      XL: |  1  2  3  4  5  6  7  8  9 |
---------------+----------------------------+-----
Polearms       | 4 5 6 8 9 10 | 10.0
Fighting       | 4 5 6 7 |  7.8
Dodging        | 3 4 |  4.0
Armour         | 3 4 6 7 8 |  8.0
Short Blades   | 1 |  1.0
Stealth        | 1 |  1.2

Action                   |  1- 3 |  4- 6 |  7- 9 || total
-------------------------+-------+-------+-------++-------
Melee: Spear             |    39 |   133 |    94 ||   266
       Headbutt          |     9 |    16 |    21 ||    46
       Dagger            |    37 |     7 |       ||    44
       Punch             |     1 |       |     1 ||     2
       Trident           |       |       |    17 ||    17
Throw: Stone             |       |       |     4 ||     4
Invok: Berserk           |     1 |       |     4 ||     5
       Trog's Hand       |       |       |     1 ||     1
  Use: Potion            |       |       |     9 ||     9
       Scroll            |       |       |     2 ||     2
Armor: Leather armour    |     2 |       |       ||     2
       Animal skin       |     1 |       |       ||     1
       Scale mail        |     3 |    19 |       ||    22
       Plate armour      |       |       |    57 ||    57
       Skin              |       |       |     6 ||     6
Dodge: Dodged            |    27 |    73 |    88 ||   188
